TOP OF THE 1ST |
---|
California Golden Bears batting - Pitching for Texas Tech Red Raiders : RHP Mario Montés | Pitching: RHP Mario Montés | | Batting: LHB Otis Johnston | 0-0: Foul Ball, location: 2F 0-1: Ball 1-1: Called Strike 1-2: Ball 2-2: Ball 3-2: Base on Balls | Pitching: RHP Richard McGinnity | | Batting: RHB Phil Cabrera | 0-0: Ball 1-0: Foul Ball, location: 2F 1-1: SINGLE (Line Drive, 7LS) Otis Johnston to second | Batting: RHB Sergio González | 0-0: Ball 1-0: Called Strike 1-1: Ball 2-1: Ball 3-1: SINGLE (Line Drive, 9S) Otis Johnston to third Phil Cabrera to second | Batting: RHB Gabriel Lucero | 0-0: Ball 1-0: Fly out, F8 (Flyball, 8LM) Runner from 3rd tags up, SCORES, no throw | Batting: RHB Greg Brown | 0-0: Foul Ball, location: 2F 0-1: Fly out, F8 (Flyball, 8RM) | Batting: RHB Cisco Villa | 0-0: Ball 1-0: Ball 2-0: Foul Ball, location: 2F 2-1: DOUBLE (Line Drive, 7D) Phil Cabrera scores Sergio González to third | Batting: SHB John Allen | 0-0: Called Strike 0-1: Ball 1-1: Ball 2-1: Ball 3-1: Called Strike 3-2: Strikes out swinging | Top of the 1st over - 2 runs, 3 hits, 0 errors, 2 left on base; California 2 - Texas Tech 0 | BOTTOM OF THE 1ST |
---|
Texas Tech Red Raiders batting - Pitching for California Golden Bears : LHP Bob Powell | Pitching: LHP Bob Powell | | Batting: RHB Aaron Adams | 0-0: Ball 1-0: Called Strike 1-1: Swinging Strike 1-2: Strikes out swinging | Batting: LHB Marshall Dunn | 0-0: Ball 1-0: Ball 2-0: Ball 3-0: Called Strike 3-1: Base on Balls | Batting: LHB Kevin Hatcher | 0-0: Foul Ball, location: 2F 0-1: Ball 1-1: Ball 2-1: Called Strike 2-2: Fly out, F8 (Flyball, 8LS) | Batting: RHB Wayne Hanson | 0-0: Called Strike 0-1: Fielders Choice at 2nd, 6-4 (Groundball, 6) | Bottom of the 1st over - 0 runs, 0 hits, 0 errors, 1 left on base; California 2 - Texas Tech 0 | TOP OF THE 2ND |
---|
California Golden Bears batting - Pitching for Texas Tech Red Raiders : RHP Richard McGinnity | Batting: RHB Dave Burchette | 0-0: Swinging Strike 0-1: Ball 1-1: Foul Ball, location: 2F 1-2: Strikes out looking | Batting: SHB Dan Morse | 0-0: Called Strike 0-1: Ball 1-1: Fly out, F7 (Flyball, 7) | Batting: LHB Otis Johnston | 0-0: Called Strike 0-1: Called Strike 0-2: Ball 1-2: Ball 2-2: Ball 3-2: SOLO HOME RUN (Flyball, 9LD), Distance : 315 ft | Batting: RHB Phil Cabrera | 0-0: Called Strike 0-1: Ball 1-1: Ball 2-1: SINGLE (Groundball, 3D) | Batting: RHB Sergio González | 0-0: SINGLE (Groundball, 4D) Phil Cabrera to second Runner from 2nd tries for 3rd, SAFE, throw made to third | Batting: RHB Gabriel Lucero | 0-0: Called Strike Pickoff Throw to First - Out! | Top of the 2nd over - 1 run, 3 hits, 0 errors, 1 left on base; California 3 - Texas Tech 0 | BOTTOM OF THE 2ND |
---|
Texas Tech Red Raiders batting - Pitching for California Golden Bears : LHP Bob Powell | Batting: SHB Lee Oliver | 0-0: Foul Ball, location: 2F 0-1: Ball 1-1: Ball 2-1: Foul Ball, location: 2F 2-2: Strikes out swinging | Batting: RHB Lorenzo Hernández | 0-0: Ball 1-0: Ball 2-0: Ground out 5-3 (Groundball, 56) | Batting: RHB Bobby Santiago | 0-0: SINGLE (Flyball, 89S) | Batting: RHB Júlio Gómez | 0-0: Called Strike 0-1: Called Strike 0-2: Ball 1-2: Fly out, F9 (Line Drive, 9) | Bottom of the 2nd over - 0 runs, 1 hit, 0 errors, 1 left on base; California 3 - Texas Tech 0 | TOP OF THE 3RD |
---|
California Golden Bears batting - Pitching for Texas Tech Red Raiders : RHP Richard McGinnity | Batting: RHB Gabriel Lucero | 0-0: Ball 1-0: Ball 2-0: Called Strike 2-1: SINGLE (Groundball, 4MD) | Batting: RHB Greg Brown | 0-0: Called Strike 0-1: Called Strike 0-2: Foul Ball, location: 2F 0-2: Strikes out swinging | Batting: RHB Cisco Villa | 0-0: Called Strike 0-1: Called Strike 0-2: Fly out, F6 (Popup, 4MD) | Batting: SHB John Allen | 0-0: Foul Ball, location: 2F 0-1: Foul Ball, location: 2F 0-2: Foul Ball, location: 2F 0-2: Ball 1-2: Fly out, F4 (Popup, 3) | Top of the 3rd over - 0 runs, 1 hit, 0 errors, 1 left on base; California 3 - Texas Tech 0 | BOTTOM OF THE 3RD |
---|
Texas Tech Red Raiders batting - Pitching for California Golden Bears : LHP Bob Powell | Batting: SHB Manuel Hernández | 0-0: Swinging Strike 0-1: Ball 1-1: Ball 2-1: Ball 3-1: Base on Balls | Batting: RHB Aaron Adams | 0-0: Grounds into double play, 5-4-3 (Groundball, 56) | Batting: LHB Marshall Dunn | 0-0: Foul Ball, location: 2F 0-1: Swinging Strike 0-2: Ball 1-2: Foul Ball, location: 2F 1-2: Strikes out swinging | Bottom of the 3rd over - 0 runs, 0 hits, 0 errors, 0 left on base; California 3 - Texas Tech 0 | TOP OF THE 4TH |
---|
California Golden Bears batting - Pitching for Texas Tech Red Raiders : RHP Richard McGinnity | Batting: RHB Dave Burchette | 0-0: Called Strike 0-1: Ball 1-1: Swinging Strike 1-2: Ball 2-2: Ball 3-2: Foul Ball, location: 2F 3-2: Foul Ball, location: 2F 3-2: Foul Ball, location: 2F 3-2: Reached on error, E3 (Groundball, 34) | Pitching: RHP Jon Carlisle | | Batting: SHB Dan Morse | 0-0: Ball 1-0: Ball 2-0: Ball 3-0: Called Strike 3-1: Foul Ball, location: 2F 3-2: Ground out 4-3 (Groundball, 4M) Dave Burchette to second | Batting: LHB Otis Johnston | 0-0: Called Strike 0-1: Ball 1-1: Called Strike 1-2: Fly out, F7 (Flyball, 7S) | Batting: RHB Phil Cabrera | 0-0: Called Strike 0-1: Foul Ball, location: 2F 0-2: DOUBLE (Flyball, 7LM) Dave Burchette scores | Batting: RHB Sergio González | 0-0: Called Strike 0-1: Foul Ball, location: 2F 0-2: Ball 1-2: SINGLE (Groundball, 6MD) Phil Cabrera to third Runner from 3rd tries for Home, SAFE, throw made home Sergio González to second | Batting: RHB Gabriel Lucero | 0-0: Ball 1-0: Called Strike 1-1: Foul Ball, location: 2F 1-2: Strikes out looking | Top of the 4th over - 2 runs, 2 hits, 1 error, 1 left on base; California 5 - Texas Tech 0 | BOTTOM OF THE 4TH |
---|
Texas Tech Red Raiders batting - Pitching for California Golden Bears : LHP Bob Powell | Batting: LHB Kevin Hatcher | 0-0: Swinging Strike 0-1: Ball 1-1: DOUBLE (Groundball, 5L) | Batting: RHB Wayne Hanson | 0-0: Fly out, F8 (Flyball, 8LS) | Batting: SHB Lee Oliver | 0-0: Ball 1-0: Ball 2-0: Swinging Strike 2-1: Foul Ball, location: 2F 2-2: Strikes out looking | Batting: RHB Lorenzo Hernández | 0-0: Called Strike 0-1: Ball 1-1: Fly out, F3 (Popup, 34S) | Bottom of the 4th over - 0 runs, 1 hit, 0 errors, 1 left on base; California 5 - Texas Tech 0 | TOP OF THE 5TH |
---|
California Golden Bears batting - Pitching for Texas Tech Red Raiders : RHP Jon Carlisle | Batting: RHB Greg Brown | 0-0: Ground out 1-3 (Groundball, 13S) | Batting: RHB Cisco Villa | 0-0: Called Strike 0-1: Ball 1-1: Swinging Strike 1-2: SOLO HOME RUN (Flyball, 9LD), Distance : 319 ft | Batting: SHB John Allen | 0-0: Called Strike 0-1: Ground out U3 (Groundball, 3) | Batting: RHB Dave Burchette | 0-0: Called Strike 0-1: Called Strike 0-2: Fly out, F7 (Flyball, 78M) | Top of the 5th over - 1 run, 1 hit, 0 errors, 0 left on base; California 6 - Texas Tech 0 | BOTTOM OF THE 5TH |
---|
Texas Tech Red Raiders batting - Pitching for California Golden Bears : LHP Bob Powell | Batting: RHB Bobby Santiago | 0-0: Ground out 4-3 (Groundball, 4) | Batting: RHB Júlio Gómez | 0-0: Ball 1-0: Foul Ball, location: 2F 1-1: Foul Ball, location: 2F 1-2: Ground out 4-3 (Groundball, 4) | Batting: SHB Manuel Hernández | 0-0: Ball 1-0: Ball 2-0: Ball 3-0: Base on Balls | Batting: RHB Aaron Adams | 0-0: Called Strike 0-1: Foul Ball, location: 2F 0-2: Ball 1-2: Ball 2-2: Foul Ball, location: 2F 2-2: Ball 3-2: Base on Balls Manuel Hernández to second | Batting: LHB Marshall Dunn | 0-0: Called Strike 0-1: Fly out, F9 (Flyball, 89M) | Bottom of the 5th over - 0 runs, 0 hits, 0 errors, 2 left on base; California 6 - Texas Tech 0 | TOP OF THE 6TH |
---|
California Golden Bears batting - Pitching for Texas Tech Red Raiders : RHP Jon Carlisle | Batting: SHB Dan Morse | 0-0: Called Strike 0-1: Ball 1-1: Ball 2-1: Ball 3-1: Fly out, F7 (Flyball, 7) | Batting: LHB Otis Johnston | 0-0: Called Strike 0-1: Foul Ball, location: 2F 0-2: Foul Ball, location: 2F 0-2: Foul Ball, location: 2F 0-2: Ball 1-2: Ball 2-2: Strikes out swinging | Batting: RHB Phil Cabrera | 0-0: Ground out 4-3 (Groundball, 4) | Top of the 6th over - 0 runs, 0 hits, 0 errors, 0 left on base; California 6 - Texas Tech 0 | BOTTOM OF THE 6TH |
---|
Texas Tech Red Raiders batting - Pitching for California Golden Bears : LHP Bob Powell | Batting: LHB Kevin Hatcher | 0-0: Ball 1-0: Called Strike 1-1: Ball 2-1: Called Strike 2-2: Foul Ball, location: 2F 2-2: Ball 3-2: SINGLE (Line Drive, 7S) | Batting: RHB Wayne Hanson | 0-0: Foul Ball, location: 2F 0-1: SINGLE (Flyball, 9S) Kevin Hatcher to second Runner from 2nd tries for 3rd, SAFE, no throw | Batting: SHB Lee Oliver | 0-0: Called Strike 0-1: Called Strike 0-2: Ball 1-2: Strikes out swinging | Pitching: RHP Dexter Miller | | Batting: RHB Lorenzo Hernández | 0-0: Ball 1-0: Ball 2-0: Foul Ball, location: 2F 2-1: 3-RUN HOME RUN (Flyball, 7LD), Distance : 338 ft | Batting: RHB Bobby Santiago | 0-0: Called Strike 0-1: Foul Ball, location: 2F 0-2: Foul Ball, location: 2F 0-2: Ball 1-2: Ball 2-2: Ball 3-2: Ground out 4-3 (Groundball, 4M) | Batting: RHB Júlio Gómez | 0-0: Ball 1-0: Ground out 2-3 (Groundball, 2L) | Bottom of the 6th over - 3 runs, 3 hits, 0 errors, 0 left on base; California 6 - Texas Tech 3 | TOP OF THE 7TH |
---|
California Golden Bears batting - Pitching for Texas Tech Red Raiders : RHP Jon Carlisle | Batting: RHB Sergio González | 0-0: Ball 1-0: Ground out U3 (Groundball, 34) | Batting: RHB Gabriel Lucero | 0-0: Called Strike 0-1: Ball 1-1: Foul Ball, location: 2F 1-2: Ball 2-2: Ground out 6-3 (Groundball, 6) | Batting: RHB Greg Brown | 0-0: Ball 1-0: Fly out, F8 (Flyball, 8RD) | Top of the 7th over - 0 runs, 0 hits, 0 errors, 0 left on base; California 6 - Texas Tech 3 | BOTTOM OF THE 7TH |
---|
Texas Tech Red Raiders batting - Pitching for California Golden Bears : RHP Dexter Miller | Batting: SHB Manuel Hernández | 0-0: Called Strike 0-1: Called Strike 0-2: Foul Ball, location: 2F 0-2: Ball 1-2: Ball 2-2: Strikes out swinging | Batting: RHB Aaron Adams | 0-0: Ball 1-0: Swinging Strike 1-1: Foul Ball, location: 2F 1-2: Strikes out swinging | Batting: LHB Marshall Dunn | 0-0: Ball 1-0: DOUBLE (Line Drive, 9D) | Batting: LHB Kevin Hatcher | 0-0: SINGLE (Flyball, 7LS) Marshall Dunn to third Runner from 3rd tries for Home, SAFE, no throw | Batting: RHB Wayne Hanson | 0-0: Ball 1-0: Called Strike 1-1: Foul Ball, location: 2F 1-2: Ball 2-2: SINGLE (Groundball, 56D) Kevin Hatcher to second | Batting: SHB Lee Oliver | 0-0: Called Strike 0-1: Ball 1-1: Foul Ball, location: 2F 1-2: Ball 2-2: Fly out, F9 (Flyball, 9LM) | Bottom of the 7th over - 1 run, 3 hits, 0 errors, 2 left on base; California 6 - Texas Tech 4 | TOP OF THE 8TH |
---|
California Golden Bears batting - Pitching for Texas Tech Red Raiders : RHP Jon Carlisle | Batting: RHB Cisco Villa | 0-0: Foul Ball, location: 2F 0-1: Swinging Strike 0-2: Ball 1-2: Ball 2-2: Strikes out looking | Batting: SHB John Allen | 0-0: Fly out, F8 (Flyball, 8RD) | Batting: RHB Dave Burchette | 0-0: Ground out 6-3 (Groundball, 6) | Top of the 8th over - 0 runs, 0 hits, 0 errors, 0 left on base; California 6 - Texas Tech 4 | BOTTOM OF THE 8TH |
---|
Texas Tech Red Raiders batting - Pitching for California Golden Bears : RHP Dexter Miller | Pitching: RHP Martin Dixon | | Batting: RHB Lorenzo Hernández | 0-0: Ball 1-0: Ball 2-0: Ball 3-0: Called Strike 3-1: Foul Ball, location: 2F 3-2: Foul Ball, location: 2F 3-2: Foul Ball, location: 2F 3-2: SINGLE (Flyball, 78M) | Batting: RHB Bobby Santiago | 0-0: Ball | |
---|
| | 1-0: Ball 2-0: Called Strike 2-1: Foul Ball, location: 2F 2-2: Ball 3-2: Foul Ball, location: 2F 3-2: Ground out 5-3 (Groundball, 56S) Lorenzo Hernández to second | Batting: RHB Júlio Gómez | 0-0: Ball 1-0: Ball 2-0: Ball 3-0: Base on Balls | Batting: SHB Manuel Hernández | 0-0: Foul Ball, location: 2F 0-1: Ball 1-1: Fly out, F7 (Flyball, 78S) | Batting: RHB Aaron Adams | 0-0: Ball 1-0: Swinging Strike 1-1: Called Strike 1-2: Ground out 1-3 (Groundball, 13S) | Bottom of the 8th over - 0 runs, 1 hit, 0 errors, 2 left on base; California 6 - Texas Tech 4 | TOP OF THE 9TH |
---|
California Golden Bears batting - Pitching for Texas Tech Red Raiders : RHP Jon Carlisle | Batting: SHB Dan Morse | 0-0: Ground out U3 (Groundball, 3) | Batting: LHB Otis Johnston | 0-0: Ground out 4-3 (Groundball, 4S) | Batting: RHB Phil Cabrera | 0-0: Called Strike 0-1: Fly out, F9 (Flyball, 89M) | Top of the 9th over - 0 runs, 0 hits, 0 errors, 0 left on base; California 6 - Texas Tech 4 | BOTTOM OF THE 9TH |
---|
Texas Tech Red Raiders batting - Pitching for California Golden Bears : RHP Martin Dixon | Batting: LHB Marshall Dunn | 0-0: Called Strike 0-1: Ground out 4-3 (Groundball, 4) | Batting: LHB Kevin Hatcher | 0-0: Called Strike 0-1: Ball 1-1: Swinging Strike 1-2: Foul Ball, location: 2F 1-2: Ball 2-2: Foul Ball, location: 2F 2-2: Strikes out swinging | Batting: RHB Wayne Hanson | 0-0: Ball 1-0: SINGLE (Groundball, 4MD) | Batting: SHB Lee Oliver | 0-0: Swinging Strike 0-1: Called Strike 0-2: Ball 1-2: Foul Ball, location: 2F 1-2: Strikes out looking | Bottom of the 9th over - 0 runs, 1 hit, 0 errors, 1 left on base; California 6 - Texas Tech 4 | | Saturday, December 16th, 2017 - OOTP Baseball 18.8 Build 76 | |